AoeStats
← marius.zwei91

Hideout

508897357Analyzed
1v1 RM · 8d ago on Sep 24, 2026· 42m 27s· 2 players
Game mode
Random Map
Map size
Tiny (2 player)
Population
200
Speed
Normal
Resources
Standard
Victory
Conquest
Starting age
Dark Age
Ending age
Imperial Age
RankedLock teamsTeams togetherTeam positionsShared explorationLock speedFull tech treeHidden civsTurbo modeCheats
Victory
Defeat
🇩🇪 Britons · Germany
813
+15
🇩🇪 Bengalis · Germany
783
-15
marius.zwei91
8:19 Loom
11:36 Feudal Age
16:00 Castle Age
16:38 Elite Skirmisher
17:37 Pikeman
18:33 Elite Skirmisher
20:14 Double-Bit Axe
21:39 Fletching
23:40 Scale Mail Armor
25:25 Forging
25:18 Padded Archer Armor
32:41 Imperial Age
30:01 Horse Collar
31:14 Squires
31:15 Bodkin Arrow
34:21 Bow Saw
34:24 Halberdier
36:56 Arson
37:15 Bracer
KartoffelBasis
11:27 Feudal Age
15:33 Castle Age
14:37 Double-Bit Axe
14:35 Horse Collar
16:52 Gold Mining
18:28 Bow Saw
22:10 Wheelbarrow
24:37 Hand Cart
25:47 Heavy Plow
25:46 Stone Mining
26:45 Fletching
26:55 Padded Archer Armor
28:00 Loom
31:03 Imperial Age
29:11 Bodkin Arrow
29:32 Leather Archer Armor
29:48 Ballistics
31:10 Forging
31:01 Scale Mail Armor
32:46 Conscription
33:07 Siege Engineers
33:32 Bracer
34:03 Ring Archer Armor
35:07 Warwolf
36:16 Town Watch
37:26 Pikeman
38:07 Squires
38:50 Yeomen
39:47 Iron Casting
39:27 Chain Mail Armor
41:28 Blast Furnace
40:06 Halberdier
41:14 Elite Longbowman
42:42 Plate Mail Armor
42:04 Arson
Connection lost

Rejoining the realm…

Still unreachable

The connection could not be restored.

Session expired

The server has moved on; the page needs a fresh start.